 Dungeon Crawl Stone Soup version 0.30-a0-782-ge64f9170bb (webtiles) character file.

Game seed: 14022598228399040673

93 sanka the Chopper (level 4, -13/35 HPs)
             Began as a Mummy Monk on Feb 23, 2023.
             Killed by divine providence
             ... invoked by an orc priest
              (15 damage)
             ... on level 3 of the Dungeon.
             The game lasted 00:02:11 (2068 turns).

sanka the Chopper (Mummy Monk)                      Turns: 2068, Time: 00:02:12

Health: -13/35     AC:  9    Str: 16    XL:     4   Next: 37%
Magic:  4/4        EV: 10    Int:  9    God:
Gold:   187        SH:  0    Dex: 14    Spells: 3/3 levels left

rFire   x . .      SeeInvis .    a - +0 hand axe
rCold   + . .      Faith    +    (no shield)
rNeg    + + +      Spirit   .    g - +0 scale mail
rPois   ∞          Reflect  .    i - +1 hat
rElec   .          Harm     .    e - +0 cloak
rCorr   .          Rampage  .    d - +0 pair of gloves
Will    .....                    (no boots) Stlth
                                 (no amulet)
HPRegen 0.25/turn                (no ring)
MPRegen 0.09/turn                (no ring)

@: confused
A: cold resistance 1, negative energy resistance 3, torment resistance 2, heat
vulnerability 1, in touch with death 1, no potions, faith
a: no special abilities


You were on level 3 of the Dungeon.
You visited 1 branch of the dungeon, and saw 3 of its levels.

You collected 187 gold pieces.


Innate Abilities, Weirdness & Mutations

You are immune to poison.
Your flesh is cold resistant. (rC+)
You are immune to negative energy. (rN+++)
You are immune to unholy pain and torment.
You are vulnerable to heat. (rF-)
You are in touch with the powers of death.
You do not drink.
You have a special connection with the divine. (Faith)


   Skills:
 - Level 3.0 Fighting
 + Level 4.3 Axes
 - Level 2.4 Dodging
 - Level 1.5 Stealth


You had 3 spell levels left.
You didn't know any spells.
Your spell library contained the following spells:

 Spells                   Type           Power      Damage    Failure   Level
 Magic Dart               Conj           0%         1d3       83%         1
 Shock                    Conj/Air       0%         1d3       83%         1
 Call Imp                 Summ           0%         N/A       93%         2
 Mephitic Cloud           Conj/Pois/Air  0%         N/A       99%         3
 Swiftness                Air            0%         N/A       99%         3
 Airstrike                Air            0%         2d(0-16)  100%        4

Inventory:

Hand Weapons
 a - a +0 hand axe (weapon)
Armour
 d - a +0 pair of gloves (worn)
 e - a +0 cloak (worn)
 g - a +0 scale mail (worn)
 i - a +1 hat (worn)
Scrolls
 b - a scroll of fear {unknown}
 c - a scroll of identify {unknown}
 f - a scroll of blinking {unknown}
 h - a scroll of vulnerability {unknown}

Dungeon Overview and Level Annotations

Branches:
Dungeon (3/15)

Altars:
Nemelex Xobeh
Sif Muna
Xom

▒.▒...........▒ ▒....▒▒.........
▒.▒...........▒ ▒.▒▒▒...........
▒......!..!...▒ ▒.▒▒▒.▒.........
▒.............▒▒▒▒.▒▒..▒▒.▒▒▒▒▒▒▒
.........).........▒▒.▒▒▒.▒▒▒
..▒........▒▒▒▒▒.........▒
.........................▒
▒.....▒.<..o▒..▒.........▒
............gM▒▒.........▒
........)....o▒▒(........▒
............o.▒▒▒▒▒▒▒▒▒▒▒▒
..............▒ ..............▒
..............▒ ..............▒
.............▒▒ ▒.....▒.....▒▒


You could see an orc priest, an orc wizard, an orc and a goblin.


Message History

The orc wizard hits you with a +0 dagger.
* * * LOW HITPOINT WARNING * * *
Unknown command.
You are too confused!
You are too confused!
You are too confused!
You are too confused!
You are too confused!
Unknown command.
The orc wizard attacks as you move away!
The orc wizard closely misses you.
The orc priest roars noisily.
Unknown command.
Unknown command.
You're too confused to move!
The goblin closely misses you.
You're too confused to move!
The goblin barely misses you.
The orc wizard hits you but does no damage.
You hear some strange, mumbled words.
A magic dart appears from out of thin air!
The magic dart hits you.
* * * LOW HITPOINT WARNING * * *
The orc wizard hits you but does no damage.
Unknown command.
You bump into the rock wall.
The goblin closely misses you.
The orc priest calls down the wrath of Beogh upon you.
Beogh smites you!
You die...

Action                     |  1- 3 |  4- 6 || total
---------------------------+-------+-------++-------
  Melee: Hand axe          |    88 |    43 ||   131
   Stab: Sleeping          |     2 |       ||     2
 Armour: Robe              |     9 |       ||     9
         Scale mail        |    29 |    27 ||    56
  Dodge: Dodged            |    36 |    35 ||    71

Levels and vault maps discovered:
D:1:      minmay_arrival_shattered_statue, layout_basic, minivault_19
D:2:      layout_basic, basic_altar
D:3:      layout_rooms, mainiacjoe_overflow_small_starburst,
          mainiacjoe_overflow_paths, elyvilon_altar_4

Notes
Turn   | Place    | Note
-------+----------+-------------------------------------------
     0 | D:1      | sanka the Mummy Monk began the quest for the Orb.
     0 | D:1      | Reached XP level 1. HP: 18/18 MP: 1/1
   451 | D:1      | Reached XP level 2. HP: 24/24 MP: 2/2
   541 | D:1      | Reached skill level 3 in Axes
   852 | D:2      | HP: 1/24 [worm (6)]
   978 | D:2      | Found a shimmering blue altar of Sif Muna.
  1530 | D:2      | Gained mutation: You are in touch with the powers of death.
                  | [Mummy growth]
  1530 | D:2      | Reached XP level 3. HP: 29/29 MP: 3/3
  1729 | D:2      | Reached skill level 4 in Axes
  1729 | D:2      | Reached XP level 4. HP: 35/35 MP: 4/4
  1799 | D:3      | Found a sparkling altar of Nemelex Xobeh.
  1955 | D:3      | Found a shimmering altar of Xom.
  2066 | D:3      | HP: 1/35 [something/magic dart (6)]
  2068 | D:3      | Killed from afar by an orc priest

Vanquished Creatures
  An orc wizard (D:2)
  2 adders (D:2)
  A worm (D:2)
  A dart slug (D:2)
  3 orcs (D:3)
  A ball python (D:3)
  3 endoplasms
  5 giant cockroaches
  6 hobgoblins
  4 kobolds
  2 quokkas (D:3)
  6 bats
  4 frilled lizards
  2 goblins
  A rat (D:2)
42 creatures vanquished.

Vanquished Creatures (others)
  A giant cockroach (D:3)
1 creature vanquished.

Grand Total: 43 creatures vanquished
